 Seeded DCSS version 0.29-a0-72-g1732ff48e7 (webtiles) character file.

Game seed: 10000000000011 (custom seed)

3858 knot the Cleaver (level 9, 0/63 HPs)
             Began as a Demonspawn Berserker on Feb 4, 2022.
             Was a Believer of Trog.
             Slain by Erica (7 damage)
             ... on level 8 of the Dungeon.
             The game lasted 00:08:16 (9531 turns).

knot the Cleaver (Demonspawn Berserker)             Turns: 9531, Time: 00:08:16

Health: 0/63       AC:  4    Str: 17    XL:     9   Next: 99%
Magic:  0/9        EV: 12    Int: 13    God:    Trog [**....]
Gold:   480        SH:  5    Dex: 13    Spells: 8/8 levels left

rFire   + . .      SeeInvis .   u - +2 hand axe
rCold   . . .      Faith    .   (no shield)
rNeg    . . .      Spirit   +   j - +2 robe {rF+}
rPois   .          Reflect  +   (no helmet)
rElec   .          Harm     .   (no cloak)
rCorr   .          Rampage  .   (gloves unavailable)
Will    .....                   (no boots)
Stlth   +.........              d - amulet of reflection
HPRegen 0.20/turn               (no ring)
MPRegen 0.22/turn               (no ring)

@: lethally poisoned (0 -> -12), on berserk cooldown, slowed, very slow
A: powered by death 1, magic shield, magic regeneration, demonic touch 3
a: Renounce Religion, Berserk, Trog's Hand


You were on level 8 of the Dungeon.
You worshipped Trog.
Trog was pleased with you.
You visited 1 branch of the dungeon, and saw 8 of its levels.

You collected 480 gold pieces.

Inventory:

Hand Weapons
 u - a +2 hand axe (weapon)
Missiles
 f - 193 stones
 i - 5 poisoned darts (quivered)
 p - 10 boomerangs
 s - 22 sling bullets
Armour
 j - a +2 robe of fire resistance (worn)
Jewellery
 d - an amulet of reflection (around neck)
 v - a ring of willpower
Wands
 g - a wand of charming (4)
 h - a wand of flame (25)
 n - a wand of polymorph (10)
 t - a wand of iceblast (7)
Scrolls
 b - 2 scrolls of holy word {unknown}
 c - a scroll of amnesia {unknown}
 e - 2 scrolls of teleportation {unknown}
 k - 3 scrolls of identify {unknown}
 m - 2 scrolls of blinking {unknown}
 o - a scroll of fog {unknown}
Potions
 a - a potion of berserk rage {unknown}
 l - 4 potions of curing
 r - 2 potions of resistance {unknown}
 w - a potion of attraction {unknown}


   Skills:
 - Level 3.0 Fighting
 + Level 13.3 Axes
 - Level 1.7 Armour
 - Level 1.7 Dodging


You had 8 spell levels left.
You didn't know any spells.
Your spell library contained the following spells:

 Spells                   Type           Power      Damage    Failure   Level
 Corpse Rot               Necr/Air       0%         N/A       43%         2
 Ensorcelled Hibernation  Hex/Ice        0%         N/A       43%         2
 Passwall                 Tmut/Erth      0%         N/A       43%         2
 Poisonous Vapours        Pois/Air       0%         N/A       43%         2
 Ozocubu's Armour         Ice            0%         N/A       67%         3
 Swiftness                Air            0%         N/A       67%         3
 Tukima's Dance           Hex            0%         N/A       67%         3
 Anguish                  Hex/Necr       0%         N/A       97%         4
 Metabolic Englaciation   Hex/Ice        0%         N/A       100%        5
 Simulacrum               Ice/Necr       0%         N/A       100%        6
 Enfeeble                 Hex            0%         N/A       100%        7


Dungeon Overview and Level Annotations

Branches:
Dungeon (8/15)             Temple (0/1) D:4
   Lair: D:8-11

Altars:
Okawaru
Ru
Uskayaw

Shops:
D:3 [

Annotations:
D:8 Erica


Innate Abilities, Weirdness & Mutations

You regenerate a little health from kills.
When hurt, damage is shared between your health and your magic reserves.
You regenerate magic rapidly.
Your touch may irresistibly damage your foes and sap their willpower.


Message History

Press: ? - help, Q - select action, (/) - cycle Shift-Dir - straight line, f - Erica
Aim: Erica, wielding a +3 scimitar of flaming and wearing a +2 robe of cold resistance (lightly wounded, 53% to hit)
You throw a curare-tipped dart. The curare-tipped dart hits Erica.
Erica is poisoned.
Erica convulses.
Erica seems to slow down.
Erica is moderately wounded.
Throw: 6 darts (poison)
Press: ? - help, Q - select action, (/) - cycle Shift-Dir - straight line, f/p - Erica
Aim: Erica, wielding a +3 scimitar of flaming and wearing a +2 robe of cold resistance (moderately wounded, very poisoned, slow, 53% to hit)
You throw a poisoned dart. The poisoned dart closely misses Erica.
Erica mumbles some strange words.
Erica flickers and vanishes!
Deactivating autopickup; reactivate with Ctrl-A.
A red film seems to cover your vision as you go berserk!
You feel yourself moving faster!
You feel mighty!
You feel a strong urge to attack something.
You hear some strange, mumbled words.
You are confused.
Something hits you!
You bump into the rock wall.
You feel your anger nearly subside.
You are no longer berserk.
You are exhausted.
You feel as though you will be slow longer.
You're too confused to move!
Something hits you!!
Unknown command.
You feel less confused.
You hear some strange, mumbled words.
You feel as though you will be slow longer.
Something tries to affect you, but you resist.
There is a stone staircase leading up here.
Aiming: Polymorph
Press: ? - help, Shift-Dir - straight line Nothing appears to happen.
You hear some strange, mumbled words.
A bolt of poison appears from out of thin air!
The bolt of poison hits you!!
You are poisoned.
* * * LOW HITPOINT WARNING * * *
Something hits you!
You die...

#.##.# #.##.#
#.##.########
#...÷÷......#
####.######.# ###.#
#.# ####.#^# #.#
....#..######.#######
#.......{@..†....# .
###.##########.#.# ..
#..# #.#.####... #.##
#........# #.#
#........# #.#
##.."###.# # ##.##
####.## #..###...####
#....# #(..........#
#.####


There were no monsters in sight!

Vanquished Creatures
  A two-headed ogre (D:8)
  Joseph (D:7)
  A kobold demonologist (D:5)
  Prince Ribbit (D:8)
  A water moccasin (D:8)
  A black bear (D:5)
  A necrophage (D:6)
  An ice beast (D:7)
  A wolf (D:4)
  4 ogres
  A boggart (D:4)
  A centaur (D:8)
  A phantom (D:6)
  A kobold brigand (D:7)
  5 scorpions
  2 wyvern zombies (D:7)
  A bullfrog (D:8)
  A wyvern skeleton (D:7)
  9 wights
  A howler monkey (D:5)
  A centaur zombie (D:5)
  An orc priest (D:4)
  3 hounds
  A jelly (D:6)
  2 bullfrog skeletons
  3 centaur skeletons
  Ijyb (D:4)
  A scorpion zombie (D:5)
  7 adders
  A shadow imp (D:7)
  A white imp (D:5)
  12 orcs
  6 endoplasms
  2 giant cockroaches
  5 goblins
  5 hobgoblins
  14 jackals
  A quokka (D:4)
  4 ball pythons
  7 bats
  5 frilled lizards
  7 kobolds
  5 rats
131 creatures vanquished.

Vanquished Creatures (others)
  An orc wizard (D:7)
  2 orcs (D:7)
3 creatures vanquished.

Grand Total: 134 creatures vanquished

Notes
Turn   | Place    | Note
-------+----------+-------------------------------------------
     0 | D:1      | knot the Demonspawn Berserker began the quest for the Orb.
     0 | D:1      | Reached XP level 1. HP: 18/18 MP: 1/1
   151 | D:1      | Reached skill level 3 in Axes
   225 | D:1      | Gained mutation: You regenerate magic rapidly. [demonic
                  | ancestry]
   225 | D:1      | Reached XP level 2. HP: 14/24 MP: 2/2
  1282 | D:2      | Gained mutation: Your touch may inflict minor irresistible
                  | damage on your foes. [demonic ancestry]
  1282 | D:2      | Reached XP level 3. HP: 24/29 MP: 3/3
  1392 | D:2      | Reached skill level 4 in Axes
  1585 | D:2      | Reached ** piety under Trog
  1910 | D:2      | Reached XP level 4. HP: 31/35 MP: 4/4
  2261 | D:3      | Noticed an ogre
  2282 | D:3      | Killed an ogre
  2283 | D:3      | Reached skill level 5 in Axes
  2283 | D:3      | Reached XP level 5. HP: 33/41 MP: 5/5
  2431 | D:3      | Found Daocsar's Antique Armour Emporium.
  3195 | D:4      | Reached skill level 6 in Axes
  3257 | D:4      | Found a staircase to the Ecumenical Temple.
  3303 | D:4      | Gained mutation: Your touch may inflict irresistible damage
                  | on your foes. [demonic ancestry]
  3303 | D:4      | Reached XP level 6. HP: 41/47 MP: 6/6
  3334 | D:4      | Noticed Dowan
  3339 | D:4      | Noticed Dowan
  3339 | D:4      | Dowan changed into Dowan the boggart
  3382 | D:4      | Noticed Ijyb
  3384 | D:4      | Noticed Duvessa
  3394 | D:4      | Killed Ijyb
  3398 | D:4      | Killed Dowan the boggart
  3403 | D:4      | Noticed Duvessa
  3403 | D:4      | Duvessa changed into Duvessa the wolf
  3414 | D:4      | Killed Duvessa the wolf
  3415 | D:4      | Reached skill level 7 in Axes
  3979 | D:5      | Entered Level 5 of the Dungeon
  4135 | D:5      | Noticed a kobold demonologist
  4156 | D:5      | Killed a kobold demonologist
  4157 | D:5      | Reached skill level 8 in Axes
  4157 | D:5      | Gained mutation: When hurt, damage is shared between your
                  | health and your magic reserves. [demonic ancestry]
  4157 | D:5      | Reached XP level 7. HP: 52/52 MP: 7/7
  4670 | D:5      | Reached skill level 9 in Axes
  4670 | D:5      | Gained mutation: You regenerate a little health from kills.
                  | [demonic ancestry]
  4670 | D:5      | Reached XP level 8. HP: 38/58 MP: 8/8
  5118 | D:5      | Found a hide-covered altar of Uskayaw.
  5993 | D:6      | Reached skill level 10 in Axes
  6979 | D:6      | Found an iron altar of Okawaru.
  7303 | D:7      | Reached skill level 11 in Axes
  7567 | D:7      | Gained mutation: Your touch may irresistibly damage your
                  | foes and sap their willpower. [demonic ancestry]
  7567 | D:7      | Reached XP level 9. HP: 63/63 MP: 7/9
  8427 | D:7      | Noticed Joseph
  8448 | D:7      | Killed Joseph
  8449 | D:7      | Reached skill level 12 in Axes
  8584 | D:7      | Found a sacrificial altar of Ru.
  8889 | D:8      | Noticed a two-headed ogre
  8906 | D:8      | Reached *** piety under Trog
  8912 | D:8      | Killed a two-headed ogre
  8919 | D:8      | Reached skill level 13 in Axes
  9313 | D:8      | Noticed Prince Ribbit
  9325 | D:8      | Killed Prince Ribbit
  9507 | D:8      | Noticed Erica
  9531 | D:8      | Slain by Erica

Illustrated notes

Levels and vault maps discovered:
D:1:      lordsloth_arrival_two_stooges, layout_basic, grunt_decor_fettered,
          minmay_misc_feat_diagonals, nicolae_concentric_dashed_squares_wild
D:2:      layout_rooms, hangedman_decor_clover_reticule
D:3:      layout_basic, serial_shops, shop, kennysheep_path_1
D:4:      layout_rooms, temple_doors_e, uniq_duvessa, uniq_ijyb
D:5:      layout_loops_cross, nicolae_uskayaw_suspiria, item_on_display_a
D:6:      layout_rooms, nicolae_overflow_hidden_temple, grunt_ministairs_6
D:7:      layout_loops_ring, nicolae_ru_awakened_eye, palyth_stone_intersect,
          minmay_misc_feat_alley, minivault_27, uniq_joseph
D:8:      layout_loops_ring, ebering_ghost_disaster_area,
          nicolae_shop_self_help, uniq_harold, uniq_erica, uniq_prince_ribbit1

Skill      XL: |  1  2  3  4  5  6  7  8  9 |
---------------+----------------------------+-----
Axes           | 3 4 5 6 8 9 11 13 | 13.3
Fighting       | |  3.0
Armour         | |  1.7
Dodging        | |  1.7

Action                   |  1- 3 |  4- 6 |  7- 9 || total
-------------------------+-------+-------+-------++-------
Melee: Hand axe          |   120 |    95 |   274 ||   489
       Touch             |     5 |     8 |    62 ||    75
       Punch             |       |     1 |     3 ||     4
Throw: Stone             |       |       |     3 ||     3
       Dart              |       |       |     2 ||     2
Invok: Berserk           |       |     3 |    13 ||    16
       Trog's Hand       |       |       |     1 ||     1
Evoke: Wand              |       |     6 |     2 ||     8
  Use: Potion            |       |     4 |     3 ||     7
 Stab: Sleeping          |     2 |     1 |       ||     3
Armor: Animal skin       |    35 |     7 |       ||    42
       Skin              |       |    42 |       ||    42
       Robe              |       |     3 |    40 ||    43
Dodge: Dodged            |    78 |    46 |    96 ||   220
Block: Other             |    42 |    25 |    47 ||   114

Table legend: (Time is in decaauts)
 A = Elapsed time spent in this place.
 B = Non-inter-level travel time spent in this place.
 C = Inter-level travel time spent in this place.
 D = Time resting spent in this place.
 E = Time spent auto-exploring this place.
 F = Levels seen in this place.
 G = Mean time per level.
                   A        B        C        D        E       F      G
               +--------+--------+--------+--------+--------+-----+--------+
         Total |   9614 |   9383 |    231 |   4150 |   4184 |   8 | 1201.8 |
       Dungeon |   9614 |   9383 |    231 |   4150 |   4184 |   8 | 1201.8 |
               +--------+--------+--------+--------+--------+-----+--------+

Top non-repeatable levels by time:
     D:7: 1792 daAuts
     D:5: 1771 daAuts
     D:1: 1280 daAuts
     D:6: 1216 daAuts
     D:4: 1003 daAuts
     D:3: 937 daAuts
     D:2: 894 daAuts
     D:8: 719 daAuts
